 Dungeon Crawl Stone Soup version 0.32-a0-391-gce5c0aab1b (webtiles) character file.

Game seed: 9359883062821363535

7 Aldia the Caller (level 1, -1/9 HPs)
             Began as a Felid Summoner on Feb 19, 2024.
             Slain by a quokka (4 damage)
             ... on level 1 of the Dungeon.
             The game lasted 00:00:40 (259 turns).

Aldia the Caller (Felid Summoner)                    Turns: 259, Time: 00:00:41

Health: -1/9       AC:  1    Str:  4    XL:     1   Next: 91%
Magic:  1/4        EV: 17    Int: 18    God:
Gold:   14         SH:  0    Dex: 16    Spells: 3/4 levels left
                                        Lives:  0   Deaths: 1

rFire   . . .        (weapon unavailable)
rCold   . . .        (shield unavailable)
rNeg    . . .        (body armour unavailable)
rPois   .            (helmet unavailable)
rElec   .            (cloak unavailable)
rCorr   .            (gloves unavailable)
SInv    +            (boots unavailable)
Will    .....        (no amulet)
Stlth   ++           (no ring)
HPRegen 0.21/turn    (no ring)
MPRegen 0.09/turn

%: no passive effects
@: no status effects
A: very small, claws 1, fangs 3, see invisible, shaggy fur 1, stealthy paws, no
weapons or thrown items, no armour, multi-lived
a: no special abilities


You were on level 1 of the Dungeon.
You visited 1 branch of the dungeon, and saw 1 of its levels.

You collected 14 gold pieces.

Inventory:

Scrolls
 b - a scroll of identify {unknown}
 d - a scroll of vulnerability {unknown}
Potions
 a - a potion of magic
 c - a potion of heal wounds {unknown}


   Skills:
 - Level 2.6 Dodging
 - Level 2.6 Stealth
 + Level 2.3 Spellcasting
 + Level 4.2 Summonings


You had 3 spell levels left.
You knew the following spells:

 Your Spells              Type           Power      Damage    Failure   Level
a - Summon Small Mammal   Summ           68%        N/A       3%          1

Your spell library contained the following spells:

 Spells                   Type           Power      Damage    Failure   Level
 Call Imp                 Summ           34%        N/A       4%          2
 Call Canine Familiar     Summ           17%        N/A       10%         3
 Summon Blazeheart Golem  Fire/Summ      9%         N/A       58%         4
 Summon Lightning Spire   Summ/Air       9%         N/A       58%         4


Dungeon Overview and Level Annotations

Branches:
Dungeon (1/15)

Altars:


Innate Abilities, Weirdness & Mutations

You have sharp claws.
You have razor-sharp teeth.
You have supernaturally acute eyesight. (SInv)
You are covered in fur. (AC +1)
Your paws help you pounce on unaware monsters.
You are incapable of wielding weapons or throwing items.
You cannot wear armour.
You gain extra lives every three experience levels.


Message History

The ball python closely misses you. The ball python constricts you.
The quokka bites you. x2
You are too injured to fight recklessly!
Unknown command.
You escape the ball python's grasp.
The ball python bites you.
You die...
The ball python grabs you. The ball python constricts you.
You rejoin the land of the living...
Something loses its grip on you.
Unknown command.
Unknown command.
Unknown command.
Unknown command.
Your bat barely misses the ball python.
The ball python barely misses your bat. The ball python misses your bat.
Your bat hits the ball python. Your bat hits the ball python.
Your bat misses the ball python. Your bat hits the ball python.
The ball python barely misses your bat. The ball python misses your bat.
Your bat completely misses the ball python.
Your bat hits the ball python.
The ball python dies!
Your bat completely misses the quokka.
The quokka closely misses you. The quokka bites you.
Your bat disappears in a puff of smoke!
Your bat hits the quokka but does no damage.
The quokka barely misses you. The quokka bites you.
You are too injured to fight recklessly!
You barely miss the quokka. You claw the quokka.
The quokka is almost dead.
Your bat hits the quokka but does no damage.
The quokka closely misses you. The quokka bites you.
You closely miss the quokka.
The quokka is almost dead.
Your bat barely misses the quokka.
The quokka misses you. The quokka closely misses you.
Your quokka barely misses the quokka.
Your bat barely misses the quokka.
You scratch the quokka.
You kill the quokka!
Your bat hits the quokka. The quokka bites you.
You die...

###'## #.#
#####.## #...†..#
#......# #......#
##.!....#
########r?.....#
#......@...##.##
#.........rb.#..#
###..............
####.###...#.###
... ........ ####
####.#### .# .#


You could see a quokka (ally target), a friendly quokka (summoned) and a
friendly bat (summoned).

Vanquished Creatures
  A kobold (D:1)
  A quokka (D:1)
2 creatures vanquished.

Vanquished Creatures (collateral kills)
  A goblin (D:1)
  2 ball pythons (D:1)
3 creatures vanquished.

Grand Total: 5 creatures vanquished

Notes
Turn   | Place    | Note
-------+----------+-------------------------------------------
     0 | D:1      | Aldia the Felid Summoner began the quest for the Orb.
     0 | D:1      | Reached XP level 1. HP: 9/9 MP: 4/4
   249 | D:1      | Slain by a ball python
   249 | D:1      | Lost a life (0 lives remaining)
   259 | D:1      | Slain by a quokka

Illustrated notes

Levels and vault maps discovered:
D:1:      nicolae_arrival_washed_ashore, layout_basic, kennysheep_flooded_box

Action                     || total
---------------------------++-------
  Melee: Unarmed           ||    10
         Punch             ||     1
   Cast: Summon Small Mamm ||    10
 Armour: Skin              ||    11
  Dodge: Dodged            ||    16

Table legend: (Time is in decaauts)
 A = Elapsed time spent in this place.
 B = Non-inter-level travel time spent in this place.
 C = Inter-level travel time spent in this place.
 D = Time resting spent in this place.
 E = Time spent auto-exploring this place.
 F = Levels seen in this place.
 G = Mean time per level.
                   A        B        C        D        E       F      G
               +--------+--------+--------+--------+--------+-----+--------+
         Total |    259 |    259 |      0 |      0 |    189 |   1 |  259.0 |
       Dungeon |    259 |    259 |      0 |      0 |    189 |   1 |  259.0 |
               +--------+--------+--------+--------+--------+-----+--------+

Top non-repeatable levels by time:
     D:1: 259 daAuts
